 Dungeon Crawl Stone Soup version 0.30-a0-860-g512cf1e979 (webtiles) character file.

Game seed: 10479221433593774812

106 lunkers the Cutter (level 5, 0/41 HPs)
             Began as a Meteoran Warper on Mar 7, 2023.
             Slain by a black bear (7 damage)
             ... on level 3 of the Dungeon.
             The game lasted 00:03:08 (1222 turns).

lunkers the Cutter (Meteoran Warper)                Turns: 1222, Time: 00:03:09

Health: 0/41       AC:  4    Str: 12 (13) XL:     5   Next: 32%
Magic:  10/10      EV: 12    Int: 13 (14) God:
Gold:   47         SH:  0    Dex: 12 (15) Spells: 0/9 levels left

rFire   . . .      SeeInvis .    a - +0 short sword (venom)
rCold   . . .      Faith    .    (no shield)
rNeg    + + .      Spirit   .    b - +0 leather armour
rPois   +          Reflect  .    (no helmet)
rElec   .          Rampage  .    (no cloak)
rCorr   .          Clarity  +    l - +0 pair of gloves
Will    .....                    (no boots)
Stlth   +                        (no amulet)
HPRegen 0.26/turn                o - ring of positive energy
MPRegen 0.12/turn                r - ring of positive energy

@: glowing
A: sense surroundings 1, otherworldly, glowing, explore regen, clarity, poison
resistance, evolution 1
a: no special abilities


You were on level 3 of the Dungeon.
You visited 1 branch of the dungeon, and saw 4 of its levels.

You collected 47 gold pieces.

Inventory:

Hand Weapons
 a - a +0 short sword of venom (weapon)
Missiles
 d - 7 boomerangs of dispersal
 e - 6 boomerangs
Armour
 b - a +0 leather armour (worn)
 l - a +0 pair of gloves (worn)
Jewellery
 o - a ring of positive energy (left hand)
 p - the ring "Kutif" {Ice rPois Int+3}
   (You found it on level 3 of the Dungeon)

   [ring of ice]

   It enhances your ice magic.
   Int:       It affects your intelligence (+3).
   rF:        It makes you vulnerable to fire.
   rC:        It protects you from cold.
   rPois:     It protects you from poison.
 r - a ring of positive energy (right hand)
Scrolls
 c - a scroll of blinking
 f - a scroll of silence
 g - a scroll of poison
Potions
 j - a potion of curing


   Skills:
 - Level 2.1 Fighting
 * Level 5.3 Short Blades
 - Level 1.2 Throwing
 - Level 1.2 Armour
 - Level 2.4 Dodging
 - Level 2.6 Spellcasting
 + Level 3.6 Translocations
 + Level 0.1 Air Magic


You couldn't memorise any spells.
You knew the following spells:

 Your Spells              Type           Power      Damage    Failure   Level
b - Vhi's Electric Charg  Tloc/Air       12%        N/A       38%         3
c - Manifold Assault      Tloc           11%        N/A       54%         4
p - Blink                 Tloc           22%        N/A       10%         2

Your spell library contained the following spells:

 Spells                   Type           Power      Damage    Failure   Level
 Lesser Beckoning         Tloc           22%        N/A       10%         2
 Teleport Other           Tloc           11%        N/A       21%         3


Dungeon Overview and Level Annotations

Branches:
Dungeon (4/15) Zot: 1191
 Temple: D:4-7

Altars:

Shops:
D:2 (


Innate Abilities, Weirdness & Mutations

You passively map a small area around you.
You are easily found by Zot.
You glow in the dark.
You regain HP and MP as you explore.
You possess an exceptional clarity of mind.
Your system is resistant to poisons. (rPois)
You have hidden genetic potential.


Message History

Unknown command.
r - a ring of positive energy (right hand)
You aren't carrying any items that you can evoke.
Unknown command.
The black bear bites you.
* * * LOW HITPOINT WARNING * * *
The black bear barely misses you. The black bear closely misses you.
You climb upwards.
There is a stone staircase leading down here.
Unknown command.
Unknown command.
Unknown command.
Unknown command.
You aren't carrying any items that you can evoke.
Unknown command.
You hit the black bear but do no damage.
The black bear bites you but does no damage.
The black bear claws you but does no damage.
The black bear claws you.
* * * LOW HITPOINT WARNING * * *
You hit the black bear but do no damage.
You barely miss the black bear. The black bear bites you.
* * * LOW HITPOINT WARNING * * *
The black bear claws you but does no damage.
The black bear claws you.
* * * LOW HITPOINT WARNING * * *
It was a potion of mutation.
You feel extremely strange.
You feel resistant to poisons.
You feel a hidden potential growing inside you.
Your thoughts seem clearer.
The black bear bites you but does no damage.
The black bear claws you.
* * * LOW HITPOINT WARNING * * *
The black bear claws you.
* * * LOW HITPOINT WARNING * * *
It was a potion of degeneration.
There was something very wrong with that liquid.
You feel weakened.
You feel dopey.
You feel clumsy. The black bear bites you!
You die...

......# ####.##.####.###.###†##
####..# #.##.####.#)..# #.†.
####..########.##.##...###.###.##
...............##.##.#...#.....#.
...........######.##...#.###.###.
.##...............###..#...#[#...
.###.#####.#####...........###...
.# #.# ##.#.## #.####..###.....#.
.# #.###.###.###@####..# ##...##.
.# #.##.## ##....h.<...#####..##.
.# #.###.###........#............
.# #.# #..#.#.......#########.##.
.# #.###.#.##......<# ######...#.
.# #.....#.##.......# #......#...
.# #.#####.##.......# #.####...##
.###)#####.##.......# #.#####..#
...........##)####### #......#~#


You could see a black bear.

Vanquished Creatures
  Terence (D:3)
  4 adders (D:2)
  2 worms
  A dart slug (D:3)
  3 ball pythons
  7 bats
  An endoplasm (D:3)
  2 giant cockroaches
  5 goblins
  3 hobgoblins
  6 kobolds
  2 rats (D:3)
37 creatures vanquished.

Notes
Turn   | Place    | Note
-------+----------+-------------------------------------------
     0 | D:1      | lunkers the Meteoran Warper began the quest for the Orb.
     0 | D:1      | Reached XP level 1. HP: 17/17 MP: 5/5
   189 | D:1      | Reached XP level 2. HP: 24/24 MP: 6/6
   303 | D:1      | Reached skill level 3 in Short Blades
   507 | D:1      | Glimpsed the power of Zot.
   557 | D:2      | Reached XP level 3. HP: 29/29 MP: 8/8
   613 | D:2      | Reached skill level 4 in Short Blades
   625 | D:2      | Reached XP level 4. HP: 12/36 MP: 9/9
   711 | D:2      | Found Plog's Antique Weapon Emporium.
   917 | D:3      | Identified the ring "Kutif" {Ice rPois Int+3}
  1100 | D:3      | Noticed Terence
  1137 | D:3      | Killed Terence
  1138 | D:3      | Reached skill level 5 in Short Blades
  1138 | D:3      | Reached XP level 5. HP: 12/41 MP: 10/10
  1160 | D:3      | Learned a level 2 spell: Blink
  1164 | D:3      | Learned a level 3 spell: Vhi's Electric Charge
  1169 | D:3      | Learned a level 4 spell: Manifold Assault
  1202 | D:4      | Noticed a black bear
  1221 | D:3      | Gained mutation: Your system is resistant to poisons.
                  | (rPois) [potion of mutation]
  1221 | D:3      | Gained mutation: You have hidden genetic potential. [potion
                  | of mutation]
  1221 | D:3      | Gained mutation: You possess an exceptional clarity of
                  | mind. [potion of mutation]
  1222 | D:3      | Slain by a black bear

Illustrated notes

Levels and vault maps discovered:
D:1:      lemuel_arrival_broad_hall, layout_loops_ring, minivault_27
D:2:      layout_basic, serial_shops, nicolae_shop_trees
D:3:      layout_loops_ring, chequers_serial_rivers_large_b, skrybe_limestone_x,
          minmay_quantized, uniq_terence
D:4:      layout_rooms, grunt_qazlal_clouds, kennysheep_mini, serial_shops,
          shop, st_stairs_8, dreamdust_princess_bridge, minmay_crystal_water

Skill      XL: |  1  2  3  4 |
---------------+-------------+-----
Short Blades   | 3 4 5 |  5.3
Fighting       | |  2.1
Throwing       | |  1.2
Armour         | |  1.2
Dodging        | |  2.4
Spellcasting   | |  2.6
Translocations | |  3.6
Air Magic      | |  0.1

Action                     |  1- 3 |  4- 6 || total
---------------------------+-------+-------++-------
  Melee: Short sword       |    87 |   115 ||   202
         Punch             |     3 |     1 ||     4
    Use: Scroll            |       |     6 ||     6
         Potion            |       |     2 ||     2
 Armour: Leather armour    |    25 |    28 ||    53
  Dodge: Dodged            |    50 |    39 ||    89

Table legend: (Time is in decaauts)
 A = Elapsed time spent in this place.
 B = Non-inter-level travel time spent in this place.
 C = Inter-level travel time spent in this place.
 D = Time resting spent in this place.
 E = Time spent auto-exploring this place.
 F = Levels seen in this place.
 G = Mean time per level.
                   A        B        C        D        E       F      G
               +--------+--------+--------+--------+--------+-----+--------+
         Total |   1208 |   1179 |     29 |      0 |    803 |   4 |  302.0 |
       Dungeon |   1208 |   1179 |     29 |      0 |    803 |   4 |  302.0 |
               +--------+--------+--------+--------+--------+-----+--------+

Top non-repeatable levels by time:
     D:1: 506 daAuts
     D:3: 432 daAuts
     D:2: 226 daAuts
     D:4: 43 daAuts
